 Dungeon Crawl Stone Soup version 0.29.1 (webtiles) character file.

Game seed: 5205470105338722667

184 EvilAshe the Slasher (level 5, -1/41 HPs)
             Began as a Human Fighter on Sept 12, 2022.
             Succumbed to their own poison gas
             ... on level 4 of the Dungeon.
             The game lasted 00:10:48 (3920 turns).

EvilAshe the Slasher (Human Fighter)                Turns: 3920, Time: 00:10:49

Health: -1/41      AC: 10    Str: 19    XL:     5   Next: 96%
Magic:  5/5        EV:  7    Int:  8    God:
Gold:   201        SH:  0    Dex: 12    Spells: 4/4 levels left

rFire   . . .      SeeInvis .   a - +0 long sword
rCold   . . .      Faith    .   c - +0 buckler
rNeg    . . .      Spirit   .   r - +0 chain mail
rPois   .          Reflect  .   (no helmet)
rElec   .          Harm     .   p - +0 cloak
rCorr   .          Rampage  .   (no gloves)
Will    .....                   (no boots)
Stlth   ..........              (no amulet)
HPRegen 0.13/turn               (no ring)
MPRegen 0.09/turn               (no ring)

@: confused, lethally poisoned (-1 -> -35), ambrosia-drunk
A: no striking features
a: no special abilities


You were on level 4 of the Dungeon.
You visited 1 branch of the dungeon, and saw 4 of its levels.

You collected 201 gold pieces.

Inventory:

Hand Weapons
 a - a +0 long sword (weapon)
Missiles
 j - 18 poisoned darts
 n - 10 stones (quivered)
Armour
 c - a +0 buckler (worn)
 g - an orb of energy
 p - a +0 cloak (worn)
 r - a +0 chain mail (worn)
Scrolls
 e - a scroll of enchant armour {unknown}
 k - a scroll of vulnerability
 v - a scroll of fear {unknown}
 x - a scroll of fog
 y - a scroll of teleportation {unknown}
 A - a scroll of blinking {unknown}
Potions
 b - a potion of magic
 d - 4 potions of might
 f - 2 potions of cancellation {unknown}
 i - 2 potions of flight
 m - 2 potions of berserk rage
 o - a potion of resistance
 q - a potion of mutation {unknown}
 t - 2 potions of heal wounds {unknown}
 u - a potion of attraction {unknown}
 z - 2 potions of haste {unknown}


   Skills:
 - Level 3.0 Fighting
 * Level 4.8 Long Blades
 - Level 3.0 Armour
 + Level 4.2 Shields


You had 4 spell levels left.
You didn't know any spells.
Your spell library contained the following spells:

 Spells                   Type           Power      Damage    Failure   Level
 Necrotise                Necr           0%         1d4       100%        1
 Sublimation of Blood     Necr           0%         N/A       100%        2
 Wereblood                Tmut           0%         N/A       100%        2
 Vampiric Draining        Necr           0%         2d6       100%        3
 Agony                    Necr           0%         N/A       100%        5
 Summon Hydra             Summ           0%         N/A       100%        7


Dungeon Overview and Level Annotations

Branches:
Dungeon (4/15)
 Temple: D:4-7

Altars:
Fedhas
Uskayaw

Annotations:
D:4 2 transporters, Ijyb; othur's ghost, amateur GrFi


Message History

Something unseen opens the door.
You feel better.
You are engulfed in poison gas.
You are poisoned.
* * * LOW HITPOINT WARNING * * *
You feel very sick.
* * * LOW HITPOINT WARNING * * *
You feel very sick. Ijyb hits you but does no damage.
You feel better. Ijyb hits you but does no damage.
You are too injured to fight recklessly!
You hit Ijyb.
Ijyb is moderately wounded.
Ijyb hits you but does no damage.
You hit Ijyb.
Ijyb is moderately wounded.
Ijyb closely misses you.
Ijyb screams, "Level is mine!
All mine!"
Ijyb hits you but does no damage.
You slash Ijyb!
Ijyb is severely wounded.
Ijyb hits you with a +0 club.
* * * LOW HITPOINT WARNING * * *
You barely miss Ijyb.
Ijyb is severely wounded.
Ijyb hits you but does no damage.
You are confused.
You feel invigorated. Ijyb hits you with a +0 club.
* * * LOW HITPOINT WARNING * * *
Okay, then.
You bump into the rock wall.
The endoplasm jiggles.
Ijyb hits you but does no damage.
You are engulfed in poison gas.
You are lethally poisoned!
* * * LOW HITPOINT WARNING * * *
You feel very sick.
You are engulfed in poison gas.
You are more poisoned.
* * * LOW HITPOINT WARNING * * *
You die...

####.#...# ####
#.###.# .... #.....##
.☼§). #....#####'#
..○☼. ######.#...#
.○..§. #....#...#
.○.○.°#######☼§..#.###
...○☼JSg..○..☼......#
......#@○.°○☼.©.....#
..... ###############
.... ##OW...(?...©##
### #O.##..$##..#
#.#..#.#..#.#
#.#..#.#..#.#
#..##...##..# #.. .©


You could see 2 ogres, Ijyb, othur's ghost, an adder and an endoplasm.

Vanquished Creatures
  An orc priest (D:3)
  7 adders
  3 worms
  3 dart slugs
  4 orcs
  10 endoplasms
  A giant cockroach (D:2)
  6 goblins
  6 hobgoblins
  10 jackals
  3 kobolds
  2 quokkas (D:1)
  2 ball pythons (D:2)
  4 bats
  2 frilled lizards (D:2)
  7 rats
71 creatures vanquished.

Notes
Turn   | Place    | Note
-------+----------+-------------------------------------------
     0 | D:1      | EvilAshe the Human Fighter began the quest for the Orb.
     0 | D:1      | Reached XP level 1. HP: 18/18 MP: 1/1
   393 | D:1      | Reached XP level 2. HP: 22/24 MP: 2/2
   778 | D:1      | Reached XP level 3. HP: 29/29 MP: 3/3
   790 | D:1      | Found a faded altar of an unknown god.
  1341 | D:2      | Reached XP level 4. HP: 35/35 MP: 4/4
  2552 | D:3      | Reached XP level 5. HP: 36/41 MP: 5/5
  3276 | D:3      | Found a blossoming altar of Fedhas.
  3657 | D:3      | Noticed a +0 dagger
  3658 | D:3      | Noticed a +0 dagger
  3659 | D:3      | Found a hide-covered altar of Uskayaw.
  3881 | D:4      | Found a transporter.
  3881 | D:4      | Noticed othur's ghost (amateur GrFi)
  3890 | D:4      | Noticed an ogre
  3892 | D:4      | Identified the +12 great mace of the Unliving {drain, rElec
                  | rC+ Dex+4}
  3892 | D:4      | Noticed an ogre
  3894 | D:4      | Found a transporter.
  3906 | D:4      | Noticed Ijyb
  3920 | D:4      | Succumbed to their own poison gas

Illustrated notes

Levels and vault maps discovered:
D:1:      sevenhm_arrival_forest_fort_small_3, layout_basic,
          shapermc_ecumenical_altar_flowoftime, minmay_tripent
D:2:      layout_loops_ring, minmay_door_square
D:3:      layout_basic, dancing_weapons_uskayaw, mainiacjoe_overflow_24_doors
D:4:      layout_basic, mainiacjoe_overflow_swirl, gammafunk_ghost_smash,
          uniq_ijyb

Skill      XL: |  1  2  3  4  5 |
---------------+----------------+-----
Long Blades    | 3 4 |  4.8
Shields        | 4 |  4.2
Fighting       | |  3.0
Armour         | |  3.0

Action                   |  1- 3 |  4- 6 || total
-------------------------+-------+-------++-------
Melee: Long sword        |    68 |   202 ||   270
Throw: Stone             |     5 |       ||     5
       Dart              |     6 |     5 ||    11
  Use: Scroll            |       |    11 ||    11
       Potion            |       |     3 ||     3
Armor: Scale mail        |    16 |       ||    16
       Chain mail        |     6 |   102 ||   108
Dodge: Dodged            |    19 |    61 ||    80
Block: Buckler           |    12 |    36 ||    48
